 Dungeon Crawl Stone Soup version 0.25-a0-1126-g5fd7b56c60 (webtiles) character file.

Game seed: 11851846706938582016, levelgen mode: deterministic

38 Majang the Thaumaturge (level 3, -1/25 HPs)
             Began as a Gnoll Wanderer on May 19, 2020.
             Slain by a worker ant (3 damage)
             ... on level 1 of the Dungeon.
             The game lasted 00:03:27 (1371 turns).

Majang the Thaumaturge (Gnoll Wanderer)             Turns: 1371, Time: 00:03:28

Health: -1/25      AC:  8    Str: 14    XL:     3   Next: 43%
Magic:  13/13      EV:  6    Int: 15    God:
Gold:   89         SH:  0    Dex: 14    Spells: 20/20 levels left

rFire    . . .     SeeInvis .   c - +0 quarterstaff
rCold    . . .     Gourm    .   (shield currently unavailable)
rNeg     . . .     Faith    .   g - +0 chain mail
rPois    .         Spirit   .   (no helmet)
rElec    .         Reflect  .   (no cloak)
rCorr    .         Harm     .   (no gloves)
MR       .....                  (no boots)
Stlth    +.........             (no amulet)
HPRegen  0.08/turn              (no ring)
MPRegen  0.13/turn              (no ring)

@: no status effects
A: distributed training, fangs 1, strong nose
a: no special abilities


You were on level 1 of the Dungeon.
You were not hungry.

You visited 1 branch of the dungeon, and saw 2 of its levels.

You collected 89 gold pieces.

Inventory:

Hand Weapons
 a - a +2 dagger
 c - a +0 quarterstaff (weapon)
Armour
 g - a +0 chain mail (worn)
Scrolls
 b - a scroll of blinking
 e - 2 scrolls of teleportation {unknown}
 h - a scroll of immolation {unknown}
 j - a scroll of remove curse {unknown}
Comestibles
 f - 3 rations
 i - a chunk of flesh


   Skills:
 + Level 0.7 Fighting
 + Level 0.7 Short Blades
 + Level 0.7 Long Blades
 + Level 0.7 Axes
 + Level 0.7 Maces & Flails
 + Level 0.7 Polearms
 + Level 2.6 Staves
 + Level 0.7 Slings
 + Level 0.7 Bows
 + Level 0.7 Crossbows
 + Level 0.7 Throwing
 + Level 0.7 Armour
 + Level 0.7 Dodging
 + Level 7.8 Stealth
 + Level 0.7 Shields
 + Level 0.7 Unarmed Combat
 + Level 9.3 Spellcasting
 + Level 0.5 Conjurations
 + Level 0.5 Hexes
 + Level 0.5 Charms
 + Level 0.5 Summonings
 + Level 0.5 Necromancy
 + Level 0.5 Translocations
 + Level 2.1 Transmutations
 + Level 0.5 Fire Magic
 + Level 0.5 Ice Magic
 + Level 0.5 Air Magic
 + Level 0.5 Earth Magic
 + Level 0.5 Poison Magic
 + Level 0.9 Invocations
 + Level 0.7 Evocations


You had 20 spell levels left.
You didn't know any spells.
Your spell library was empty.

Dungeon Overview and Level Annotations

Branches:
Dungeon (2/15)

Altars:


Innate Abilities, Weirdness & Mutations

Your experience applies equally to all skills.
You have very sharp teeth.
Your uncanny sense of smell can sniff out nearby items.


Message History

You aren't carrying any potions.
Unknown command.
* * * LOW HITPOINT WARNING * * *
You feel sick.
The worker ant bites you but does no damage.
Found a stone staircase leading down.
Found a potion of curing.
* * * LOW HITPOINT WARNING * * *
You feel sick.
There is a stone staircase leading up here.
The worker ant bites you but does no damage.
You climb upwards.
* * * LOW HITPOINT WARNING * * *
You feel sick.
There is a stone staircase leading down here.
The worker ant barely misses you.
You feel sick.
You are no longer poisoned.
The worker ant bites you.
You die...

..# ##.....## #.#.#..###
#.# # #.# ##...## #.#.#..#
##.##### #.# ##'##
#.#(#..####....... #.#
###.######...........#.....
#.#
#.........##>####....##...#
#.# #.#.#.###.##.#
#....###.##
#.#####....#.##.##.#
#.###.##.##
#.##........#.#.##.#
#..###.#.#.
#.##.##.........@a.#
#...###...#
.#.#.##.#.#.###.####
#.......<..
###...[.#.#####.#
#...###...#
.#.#.##.........#
#..###.#.#.
#.##.####>#######
#.###.##.## ####....).#
#....###.## #########.#
##...##...# #.........#
##..#.....
#.######..########
##........


You could see a worker ant.

Vanquished Creatures
  An adder (D:2)
  A dart slug (D:1)
  A leopard gecko (D:1)
  2 bats (D:2)
  3 giant cockroaches
  5 hobgoblins
  4 kobolds
  2 ball pythons (D:1)
  3 frilled lizards
  3 rats (D:1)
25 creatures vanquished.

Notes
Turn   | Place    | Note
-------+----------+-------------------------------------------
     0 | D:1      | Reached skill level 9 in Spellcasting
     0 | D:1      | Majang the Gnoll Wanderer began the quest for the Orb.
     0 | D:1      | Majang set off with the following items: a +2 dagger, a
                  | scroll of blinking, a +0 quarterstaff, a potion of curing,
                  | a +0 robe, a ration
     0 | D:1      | Reached XP level 1. HP: 13/13 MP: 10/10
   282 | D:1      | Reached XP level 2. HP: 19/19 MP: 12/12
  1127 | D:2      | Reached XP level 3. HP: 23/25 MP: 13/13
  1371 | D:1      | Slain by a worker ant

Illustrated notes

Levels and vault maps discovered:
D:1:      roderic_crossed_star, layout_loops_corners
D:2:      layout_rooms, first_ration

Skill      XL: |  1 |
---------------+----+-----
Spellcasting   | |  9.3
Transmutations | 2 |  2.1
Fighting       | |  0.7
Short Blades   | |  0.7
Long Blades    | |  0.7
Axes           | |  0.7
Maces & Flails | |  0.7
Polearms       | |  0.7
Staves         | |  2.6
Slings         | |  0.7
Bows           | |  0.7
Crossbows      | |  0.7
Throwing       | |  0.7
Armour         | |  0.7
Dodging        | |  0.7
Stealth        | |  7.8
Shields        | |  0.7
Unarmed Combat | |  0.7
Conjurations   | |  0.5
Hexes          | |  0.5
Charms         | |  0.5
Summonings     | |  0.5
Necromancy     | |  0.5
Translocations | |  0.5
Fire Magic     | |  0.5
Ice Magic      | |  0.5
Air Magic      | |  0.5
Earth Magic    | |  0.5
Poison Magic   | |  0.5
Invocations    | |  0.9
Evocations     | |  0.7

Action                   || total
-------------------------++-------
Melee: Quarterstaff      ||    77
       Bite              ||     4
  Use: Potion            ||     1
  Eat: Chunk             ||     1
Armor: Chain mail        ||    50
Dodge: Dodged            ||    30

Table legend:
 A = Non-vault XP
 B = Vault XP
 C = Vault XP percentage of total XP
 D = Non-vault monster count
 E = Vault monster count
 F = Vault count percentage of total count
                 A         B        C        D         E       F
            +---------+---------+-------+---------+---------+-------
      Total |      55 |       0 |   0.0 |      25 |       0 |   0.0
            +---------+---------+-------+---------+---------+-------
        D:1 |      29 |       0 |   0.0 |      16 |       0 |   0.0
        D:2 |      26 |       0 |   0.0 |       9 |       0 |   0.0
            +---------+---------+-------+---------+---------+-------
